 Dungeon Crawl Stone Soup version 0.27-a0-887-gcab673c142 (webtiles) character file.

Game seed: 1420992826800175104

102 polve the Conjurer (level 4, -5/24 HPs)
             Began as a Deep Elf Conjurer on Apr 3, 2021.
             Killed by nerve-wracking pain
             ... invoked by Grinder
              (9 damage)
             ... on level 3 of the Dungeon.
             The game lasted 00:02:25 (2795 turns).

polve the Conjurer (Deep Elf Conjurer)              Turns: 2795, Time: 00:02:26

Health: -5/24      AC:  2    Str:  4    XL:     4   Next: 50%
Magic:  4/10       EV: 12    Int: 24    God:
Gold:   120        SH:  0    Dex: 13    Spells: 1/9 levels left

rFire    . . .     SeeInvis .   n - +2 short sword (flame)
rCold    . . .     Faith    .   (no shield)
rNeg     . . .     Spirit   .   a - +0 robe
rPois    .         Reflect  .   (no helmet)
rElec    .         Harm     .   (no cloak)
rCorr    .         Rampage  .   (no gloves)
Will     .....                  (no boots)
Stlth    ++........             (no amulet)
HPRegen  0.08/turn              (no ring)
MPRegen  0.12/turn              (no ring)

@: no status effects
A: no striking features
a: no special abilities


You were on level 3 of the Dungeon.
You visited 1 branch of the dungeon, and saw 3 of its levels.

You collected 120 gold pieces.

Inventory:

Hand Weapons
 n - a +2 short sword of flaming (weapon)
Armour
 a - a +0 robe (worn)
Jewellery
 f - a ring of ice
Scrolls
 b - a scroll of immolation {unknown}
 d - a scroll of identify {unknown}
 e - a scroll of torment {unknown}
 g - 2 scrolls of fear {unknown}
 h - a scroll of amnesia {unknown}
 j - a scroll of enchant weapon {unknown}
 m - a scroll of teleportation {unknown}
Potions
 c - 2 potions of resistance {unknown}
 i - a potion of experience {unknown}
 k - a potion of mutation {unknown}
 l - a potion of heal wounds {unknown}


   Skills:
 - Level 2.4 Dodging
 - Level 2.4 Stealth
 + Level 3.1 Spellcasting
 + Level 6.5 Conjurations


You had one spell level left.
You knew the following spells:

 Your Spells              Type           Power      Damage    Failure   Level
a - Magic Dart            Conj           100%       1d8       1%          1
b - Blink                 Tloc           N/A        N/A       16%         2
c - Searing Ray           Conj           70%        3d5       1%          2
d - Dazzling Flash        Conj/Hex       38%        N/A       9%          3

Your spell library contained the following spells:

 Spells                   Type           Power      Damage    Failure   Level
 Summon Small Mammal      Summ           12%        N/A       11%         1
 Conjure Flame            Conj/Fire      19%        6-21      9%          3
 Mephitic Cloud           Conj/Pois/Air  14%        N/A       13%         3
 Call Imp                 Summ           3%         N/A       16%         2
 Slow                     Hex            3%         N/A       16%         2
 Fulminant Prism          Conj/Hex       9%         3d7       28%         4
 Iskenderun's Mystic Bla  Conj/Tloc      19%        2d6       28%         4
 Call Canine Familiar     Summ           3%         N/A       32%         3
 Summon Guardian Golem    Hex/Summ       3%         N/A       32%         3
 Summon Ice Beast         Ice/Summ       3%         N/A       71%         4
 Summon Lightning Spire   Summ/Air       3%         N/A       71%         4


Dungeon Overview and Level Annotations

Branches:
Dungeon (3/15)

Altars:

Annotations:
D:3 Grinder


Message History

Things that are here:
a +0 dagger; a +0 leather armour; an orc corpse
Found 19 sling bullets.
You see here 19 sling bullets.
Grinder comes into view.
Grinder shouts!
Grinder blinks!
Grinder moves out of view.
Grinder blinks!
Grinder is nearby!
Grinder is nearby!
The magic dart hits Grinder.
Grinder is lightly wounded.
The magic dart hits Grinder.
Grinder is lightly wounded.
The magic dart hits Grinder.
Grinder is lightly wounded.
The magic dart hits Grinder.
Grinder is moderately wounded.
Grinder drinks a potion.
Grinder seems to grow stronger.
The magic dart hits Grinder.
Grinder is moderately wounded.
The magic dart hits Grinder but does no damage.
Grinder is moderately wounded.
Grinder gestures at you. You resist with significant effort.
The magic dart hits Grinder.
Grinder is moderately wounded.
Grinder hits you!
Ouch! That really hurt!
You writhe in agony.
* * * LOW HITPOINT WARNING * * *
You are too injured to fight recklessly!
You are too injured to fight recklessly!
You are too injured to fight recklessly!
Grinder says, "You look like you could use a good racking."
Grinder gestures at you. You resist with significant effort.
Grinder gestures at you. Pain shoots through your body!
You die...

#.# #.# # #.#
#.####.#####
####..........#
#.............#
#.##.####.##.##
##.##.#...(....#
#.....#.##..@###
#.....#)##.#.#
#............####...
#.....#.##..5.......
####.....#.####.####...
#......................
####....##.............
#....>.................
#...........##..####..#


You could see Grinder (strong).

Vanquished Creatures
  3 adders
  A gnoll (D:1)
  An orc (D:3)
  4 ball pythons
  6 endoplasms
  4 giant cockroaches
  3 goblins
  10 hobgoblins
  2 jackals (D:2)
  10 kobolds
  2 quokkas
  6 bats
  A frilled lizard (D:1)
  3 rats
56 creatures vanquished.

Notes
Turn   | Place    | Note
-------+----------+-------------------------------------------
     0 | D:1      | polve the Deep Elf Conjurer began the quest for the Orb.
     0 | D:1      | Reached XP level 1. HP: 10/10 MP: 6/6
   191 | D:1      | Reached skill level 5 in Conjurations
   191 | D:1      | Reached XP level 2. HP: 15/15 MP: 0/8
   194 | D:1      | Learned a level 2 spell: Searing Ray
   797 | D:1      | Reached XP level 3. HP: 19/19 MP: 7/9
  1896 | D:2      | Reached skill level 6 in Conjurations
  2121 | D:2      | Reached XP level 4. HP: 23/24 MP: 4/10
  2663 | D:3      | Learned a level 2 spell: Blink
  2667 | D:3      | Learned a level 3 spell: Dazzling Flash
  2783 | D:3      | Noticed Grinder
  2795 | D:3      | Killed from afar by Grinder

Illustrated notes

Levels and vault maps discovered:
D:1:      dpeg_arrival_simpleton_a, layout_basic
D:2:      layout_basic, minmay_hedge_maze, minmay_cut_off
D:3:      layout_basic, lightli_temple_of_fire,
          shapermc_ecumenical_altar_hornbeckon, uniq_grinder,
          uniq_crazy_yiuf_cottage

Skill      XL: |  1  2  3 |
---------------+----------+-----
Conjurations   | 5 6 |  6.5
Dodging        | |  2.4
Stealth        | |  2.4
Spellcasting   | |  3.1

Action                   |  1- 3 |  4- 6 || total
-------------------------+-------+-------++-------
Melee: Short sword       |     4 |       ||     4
 Cast: Magic Dart        |    79 |    45 ||   124
Armor: Robe              |     1 |       ||     1
Dodge: Dodged            |     6 |     8 ||    14

Table legend: (Time is in decaauts)
 A = Elapsed time spent in this place.
 B = Non-inter-level travel time spent in this place.
 C = Inter-level travel time spent in this place.
 D = Time resting spent in this place.
 E = Time spent auto-exploring this place.
 F = Levels seen in this place.
 G = Mean time per level.
                   A        B        C        D        E       F      G
               +--------+--------+--------+--------+--------+-----+--------+
         Total |   2793 |   2753 |     40 |      0 |   2511 |   3 |  931.0 |
       Dungeon |   2793 |   2753 |     40 |      0 |   2511 |   3 |  931.0 |
               +--------+--------+--------+--------+--------+-----+--------+

Top non-repeatable levels by time:
     D:1: 1430 daAuts
     D:2: 884 daAuts
     D:3: 478 daAuts
